 Dungeon Crawl Stone Soup version 0.31.0-11-ge490571c62 (webtiles) character file.

Game seed: 12304532647141542214

352 solopath the Cudgeller (level 6, -29/62 HPs)
             Began as an Oni Berserker on Jan 29, 2024.
             Was a Believer of Trog.
             Annihilated by an ogre
             ... wielding a +0 giant spiked club
              (34 damage)
             ... on level 4 of the Dungeon.
             The game lasted 00:02:46 (3190 turns).

solopath the Cudgeller (Oni Berserker)              Turns: 3190, Time: 00:02:47

Health: -29/62     AC:  3    Str: 24    XL:     6   Next: 61%
Magic:  6/6        EV: 10    Int:  8    God:    Trog [**....]
Gold:   239        SH:  0    Dex:  8    Spells: 5/5 levels left

rFire   . . .        x - +1 flail (holy)
rCold   . . .        (no shield)
rNeg    . . .        b - +0 animal skin
rPois   .            (helmet restricted)
rElec   .            (no cloak)
rCorr   .            (gloves unavailable)
SInv    .            (boots unavailable)
Will    .....        (no amulet)
Stlth   +            (no ring)
HPRegen 0.30/turn    (no ring)
MPRegen 0.10/turn

%: no passive effects
@: no status effects
A: large, unfitting armour, horns 1, tough skin 1, double potion healing,
drunken brawling
a: Renounce Religion, Berserk, Trog's Hand


You were on level 4 of the Dungeon.
You worshipped Trog.
Trog was pleased with you.
You visited 2 branches of the dungeon, and saw 5 of its levels.

You collected 239 gold pieces.

Inventory:

Hand Weapons
 a - a +0 mace
 x - a +1 flail of holy wrath (weapon)
Missiles
 n - 6 poisoned darts (quivered)
 q - a throwing net
Armour
 b - a +0 animal skin (worn)
 s - the +1 Delatra's gloves {ID++}
   (You found it on level 3 of the Dungeon)

   ID++:      It heals its wearer when they drink unknown potions, and restores
   their MP when they read unknown scrolls.
Jewellery
 y - a ring of fire
Wands
 j - a wand of flame (17)
Scrolls
 f - 2 scrolls of teleportation {unknown}
 g - a scroll of immolation {unknown}
 i - 3 scrolls of vulnerability {unknown}
 l - a scroll of noise {unknown}
 m - 2 scrolls of acquirement {unknown}
 p - 2 scrolls of enchant weapon {unknown}
 r - a scroll of poison {unknown}
 u - a scroll of blinking {unknown}
Potions
 c - a potion of attraction {unknown}
 d - 3 potions of curing {unknown}
 e - 2 potions of heal wounds {unknown}
 h - 3 potions of invisibility {unknown}
 k - 2 potions of mutation {unknown}
 o - a potion of enlightenment {unknown}
 t - a potion of degeneration {unknown}
 v - a potion of might {unknown}
 w - a potion of ambrosia {unknown}


   Skills:
 - Level 4.0 Fighting
 * Level 7.2 Maces & Flails
 - Level 2.6 Dodging


You had 5 spell levels left.
You didn't know any spells.
Your spell library was empty.

Dungeon Overview and Level Annotations

Branches:
Dungeon (4/15)             Temple (1/1) D:4

Altars:
Ashenzari
Cheibriados
Dithmenos
Elyvilon
Hepliaklqana
Kikubaaqudgha
Makhleb
Nemelex Xobeh
Qazlal
Uskayaw
Vehumet
Wu Jian
Yredelemnul
Zin


Innate Abilities, Weirdness & Mutations

You are too large for most types of armour.
You have a pair of small horns on your head.
You have tough skin. (AC +1)
You gain doubled healing and magic from potions.
Whenever you drink a healing potion, you attack all around you.


Message History

You are frozen.
You sock the endoplasm!
You kill the endoplasm!
Trog accepts your kill.
No target in view!
No target in view!
No target in view!
No target in view!
No target in view!
No target in view!
Found a robe.
An ogre comes into view. It is wielding a +0 giant spiked club.
The ogre shouts!
An ogre is nearby!
An ogre is nearby!
You completely miss the ogre.
The ogre hits you with a +0 giant spiked club!
You hit the ogre but do no damage.
You headbutt the ogre, but do no damage.
You barely miss the ogre.
The ogre hits you with a +0 giant spiked club!!
Ouch! That really hurt!
You barely miss the ogre. You headbutt the ogre.
The ogre is lightly wounded.
The ogre hits you with a +0 giant spiked club!!
* * * LOW HITPOINT WARNING * * *
You hit the ogre but do no damage.
The ogre is lightly wounded.
The ogre barely misses you.
Unknown command.
You hit the ogre.
The ogre is moderately wounded.
You hit the ogre.
The ogre is heavily wounded.
The ogre barely misses you.
You sock the ogre! Your headbutt misses the ogre.
The ogre is almost dead.
The ogre hits you with a +0 giant spiked club!!
Ouch! That really hurt!
You die...

.[..................#....
.........................
.............#...........
#...........#...........#
#...........#.........#.#
#......#.##......#..#..
###...#####......##.#..
#.....#............#..
#....##@O.....#...##....
###..........##...###...
#....###..## ##.. ##...
### ### #... #... #...
##..


You could see an ogre.

Vanquished Creatures
  Edmund (D:4)
  A jelly (D:4)
  An orc priest (D:3)
  An iguana (D:4)
  An orc wizard (D:3)
  5 adders
  3 dart slugs
  12 orcs
  4 ball pythons
  3 endoplasms
  6 goblins
  9 hobgoblins
  8 kobolds
  3 quokkas
  5 bats (D:3)
  3 frilled lizards
  6 rats
72 creatures vanquished.

Notes
Turn   | Place    | Note
-------+----------+-------------------------------------------
     0 | D:1      | solopath the Oni Berserker began the quest for the Orb.
     0 | D:1      | Reached XP level 1. HP: 24/24 MP: 1/1
   158 | D:1      | Reached XP level 2. HP: 25/32 MP: 2/2
   568 | D:1      | Reached skill level 4 in Maces & Flails
   707 | D:2      | Found a faded altar of an unknown god.
   727 | D:1      | You fall into a shaft and drop 1 floor!
   732 | D:2      | Reached XP level 3. HP: 39/39 MP: 3/3
  1584 | D:2      | Reached ** piety under Trog
  1625 | D:3      | Reached XP level 4. HP: 48/48 MP: 4/4
  1788 | D:3      | Reached skill level 5 in Maces & Flails
  1903 | D:3      | Found an ancient bone altar of Kikubaaqudgha.
  2066 | D:3      | Found the +1 Delatra's gloves {ID++}
  2280 | D:3      | Reached XP level 5. HP: 54/54 MP: 5/5
  2589 | D:4      | Reached skill level 6 in Maces & Flails
  2600 | D:4      | Noticed Edmund
  2610 | D:4      | HP: 3/81 [iguana (12)]
  2612 | D:4      | Killed Edmund
  2613 | D:4      | Reached XP level 6. HP: 4/62 MP: 6/6
  2616 | D:4      | Reached skill level 7 in Maces & Flails
  2939 | D:4      | Found a glowing silver altar of Zin.
  2949 | D:4      | Found a staircase to the Ecumenical Temple.
  2966 | Temple   | Entered the Ecumenical Temple
  3190 | D:4      | Annihilated by an ogre

Illustrated notes

Levels and vault maps discovered:
D:1:      roderic_chinese_lattice_arrival, layout_loops_ring, minivault_24
D:2:      layout_basic, nicolae_ecumenical_oubliette
D:3:      layout_loops_ring, kiku_gazebo_garden_becter,
          pf_guarded_unrand_delatra
D:4:      minmay_wonky_spiral, layout_cave_pools, mainiacjoe_overflow_alcove_1,
          minmay_temple_entry_statues_fountains, hangedman_glass_teeth,
          minmay_crystal_room, uniq_edmund
Temple:   chequers_temple_sunken

Skill      XL: |  1  2  3  4  5  6 |
---------------+-------------------+-----
Maces & Flails | 4 5 6 7 |  7.2
Fighting       | |  4.0
Dodging        | |  2.6

Action                     |  1- 3 |  4- 6 || total
---------------------------+-------+-------++-------
  Melee: Mace              |    92 |   107 ||   199
         Headbutt          |    10 |    23 ||    33
         Flail             |       |    26 ||    26
 Invoke: Berserk           |     1 |     4 ||     5
 Armour: Animal skin       |    60 |   102 ||   162
  Dodge: Dodged            |    42 |    86 ||   128
